 Dungeon Crawl Stone Soup version 0.17.0-28-g6e173f8 (webtiles) character file.

25 M4edhros the Skirmisher (level 3, 0/30 HPs)
             Began as an Octopode Wanderer on Nov 26, 2015.
             Killed by divine providence
             ... invoked by an orc priest
              (10 damage)
             ... on level 4 of the Dungeon.
             The game lasted 00:01:31 (1467 turns).

M4edhros the Skirmisher (Octopode Wanderer)         Turns: 1467, Time: 00:01:32

Health: 0/30       AC:  2    Str:  9    XL:     3   Next: 6%
Magic:  3/3        EV:  6    Int: 15    God:
Gold:   139        SH:  0    Dex: 13    Spells: 0 memorised, 2 levels left

rFire  . . .     SeeInvis .     a - +2 shortbow
rCold  . . .     Rnd*Rage +     (shield currently unavailable)
rNeg   . . .     SustAt   .     (helmet restricted)
rPois  .         Gourm    .     (no amulet)
rElec  .         Spirit   .     (no ring)
rCorr  .         Warding  .     (no ring)
rMut   .         Stasis   .     (no ring)
MR     .....                    (no ring)
Stlth  +++.......               (no ring)
                                (no ring)
                                (no ring)
                                (no ring)

@: not resistant to hostile enchantments, fairly stealthy
A: almost no armour, amphibious, 8 rings, constrict 8, camouflage 1, berserk 1,
shaggy fur 1, gelatinous body 1, subdued magic 1
a: no special abilities


You were on level 4 of the Dungeon.
You were hungry.

You visited 1 branch of the dungeon, and saw 4 of its levels.

You collected 139 gold pieces.

Inventory:

Hand Weapons
 a - a +2 shortbow (weapon)
 c - a +0 hand crossbow
 l - a +0 hunting sling
Missiles
 b - 81 arrows (quivered)
 d - 24 bolts
 m - 20 sling bullets of frost
 p - 20 sling bullets
 r - 31 stones
Scrolls
 e - a scroll of teleportation
 i - a scroll of enchant armour {unknown}
 j - a scroll of magic mapping {unknown}
 k - a scroll of random uselessness {unknown}
 q - a scroll of identify {unknown}
 s - a scroll of immolation {unknown}
Potions
 g - 2 potions of curing
Comestibles
 f - 2 bread rations
 n - a beef jerky


   Skills:
 - Level 6.0 Fighting
 * Level 1.1(1.3) Slings
 - Level 1.0 Bows
 - Level 1.0 Crossbows
 - Level 1.0(1.2) Throwing
 + Level 3.3 Stealth
   Level 1.1 Evocations


You had 2 spell levels left.
You didn't know any spells.

Dungeon Overview and Level Annotations

Branches:
Dungeon (4/15)
 Temple: D:4-7

Altars:


Innate Abilities, Weirdness & Mutations

You cannot wear most types of armour.
You are amphibious.
You can wear up to eight rings at the same time.
You can use your tentacles to constrict eight enemies at once.
Your skin changes colour to match your surroundings (Stealth).
Your rubbery body absorbs attacks (AC +1).
You tend to lose your temper in combat.
You are covered in fur (AC +1).
Your spells are a little easier to cast, but a little less powerful.


Message History

You climb upwards.
There is a stone staircase leading down here.
Found a potion of curing.
There is a stone staircase leading down here.
You start resting.
All of the chunks of flesh in your inventory have rotted away.
You are feeling hungry.
You climb downwards.
There is a stone staircase leading up here.
There is a stone staircase leading down here.
You climb downwards.
The orc hits you with a flail.
The orc hits you with a flail of crushing.
The orc closely misses you.
There is a stone staircase leading up, spattered with blood here.
Drink which item? (? for menu, Esc to quit)
Okay, then.
The orc hits you with a flail of crushing.
The orc priest mumbles some strange prayers to Beogh against you.
Something smites you!
You die...

###########
..........#
.........?#
......o.o.#
....o.(@o.#
o....(....#
...o(.....#
..........#
...%##...##
#### #...#
..... .....


You could see an orc priest, an orc wizard and 4 orcs.

Vanquished Creatures
  A worm (D:3)
  A giant gecko (D:1)
  A bat (D:2)
  2 goblins (D:1)
  4 hobgoblins
  4 kobolds (D:1)
  A giant newt (D:1)
  4 jackals (D:3)
  2 rats
20 creatures vanquished.

Notes
Turn   | Place    | Note
--------------------------------------------------------------
     0 | D:1      | M4edhros the Octopode Wanderer began the quest for the Orb.
     0 | D:1      | M4edhros set off with: a +2 shortbow, 25 arrows, a +0 hand crossbow, 24 bolts, a scroll of teleportation, a bread ration
     0 | D:1      | Reached XP level 1. HP: 19/19 MP: 1/1
   172 | D:1      | Reached skill level 1 in Stealth
   269 | D:1      | Reached XP level 2. HP: 25/25 MP: 2/2
  1168 | D:3      | Gained mutation: You are covered in fur (AC +1). [potion of mutation]
  1168 | D:3      | Gained mutation: You tend to lose your temper in combat. [potion of mutation]
  1168 | D:3      | Gained mutation: Your spells are a little easier to cast, but a little less powerful. [potion of mutation]
  1192 | D:3      | Reached skill level 1 in Slings
  1192 | D:3      | Reached XP level 3. HP: 30/30 MP: 3/3
  1314 | D:4      | Noticed an orc warrior
  1467 | D:4      | Killed from afar by an orc priest

Action                   || total
-------------------------++-------
 Fire: Shortbow          ||    48
  Use: Potion            ||     5
       Scroll            ||     1
  Eat: Chunk             ||     1
